 Dungeon Crawl Stone Soup version 0.32-a0-960-g3814254bd7 (webtiles) character file.

Game seed: 528510944635487702

12674 Autsider the Covert (level 11, -1/80 HPs)
             Began as a Vampire Enchanter on Apr 17, 2024.
             Was an Elder of Kikubaaqudgha.
             Sank and fell apart
             ... on level 12 of the Dungeon.
             The game lasted 00:43:48 (11500 turns).

Autsider the Covert (Vampire Enchanter)            Turns: 11500, Time: 00:43:48

Health: -1/80      AC: 12    Str:  9    XL:     11   Next: 65%
Magic:  22/23      EV: 14    Int: 19    God:    Kikubaaqudgha [****..]
Gold:   1668       SH:  0    Dex: 18    Spells: 11/26 levels left

rFire   + . .        t - +2 short sword (drain)
rCold   + + .        (no shield)
rNeg    . . .        H - +1 steam dragon scales
rPois   .            O - +2 helmet of Tomorrow {rC+ Str+2 Stlth+}
rElec   .            U - scarf {rC+ rF+}
rCorr   .            S - +1 pair of gloves of Evolution {Will+}
SInv    +            Q - +0 pair of boots {Stlth+}
Will    +++..        W - amulet of magic regeneration
Stlth   +++++++      k - ring of flight
HPRegen 0.53/turn    w - ring of willpower
MPRegen 0.58/turn

%: no passive effects
@: engulfed (cannot breathe), flying, healing quickly, studying Short Blades
A: alive, fangs 3, see invisible, vampiric 2
a: Exsanguinate, Renounce Religion, Unearth Wretches


You were on level 12 of the Dungeon.
You worshipped Kikubaaqudgha.
Kikubaaqudgha was greatly pleased with you.
You visited 2 branches of the dungeon, and saw 13 of its levels.
You also visited: Ossuary and Bailey.

You collected 1780 gold pieces.
You spent 112 gold pieces at shops.

Inventory:

Hand Weapons
 t - a +2 short sword of draining (weapon)
 N - a +4 short sword
 V - a +1 dagger of flaming
Missiles
 g - 27 poisoned darts (quivered)
 n - 5 boomerangs
 x - 3 silver javelins
 K - 4 curare-tipped darts
 T - 6 throwing nets
Armour
 H - +1 steam dragon scales (worn)
 J - the +0 gold dragon scales "Ubot" {rPois rF+ rC+ Int+5 Dex+2}
   (You found it on level 7 of the Dungeon)

   Int+5:     It affects your intelligence (+5).
   Dex+2:     It affects your dexterity (+2).
   rF+:       It protects you from fire.
   rC+:       It protects you from cold.
   rPois:     It protects you from poison.
 O - the +2 helmet of Tomorrow (worn) {rC+ Str+2 Stlth+}
   (You found it in a bailey)

   Str+2:     It affects your strength (+2).
   rC+:       It protects you from cold.
   Stlth+:    It makes you more stealthy.
 P - the +2 helmet of Elibaril {Str+3 Dex+4}
   (You found it in a bailey)

   Str+3:     It affects your strength (+3).
   Dex+4:     It affects your dexterity (+4).
 Q - a +0 pair of boots of stealth (worn)
 R - a +1 pair of gloves of infusion
 S - the +1 pair of gloves of Evolution (worn) {Will+}
   (You found it in a bailey)

   Will+:     It increases your willpower.
 U - a scarf of resistance (worn)
Jewellery
 k - a ring of flight (left hand)
 w - a ring of willpower (right hand)
 A - a ring of protection from fire
 D - a ring of resist corrosion
 W - an amulet of magic regeneration (around neck)
 Z - a ring of protection from fire
Wands
 b - a wand of acid (8)
 i - a wand of paralysis (24)
 p - a wand of iceblast (9)
 L - a wand of polymorph (17)
Scrolls
 f - 3 scrolls of blinking
 h - 8 scrolls of teleportation {@r2}
 l - a scroll of fog
 m - 3 scrolls of silence
 q - 4 scrolls of enchant armour
 y - 2 scrolls of revelation
 z - 3 scrolls of amnesia
 B - a scroll of immolation
 C - a scroll of noise
 E - a scroll of fear
 F - a scroll of torment
 I - a scroll of poison
 X - a scroll of brand weapon
Potions
 a - a potion of haste
 c - 3 potions of invisibility
 d - a potion of attraction {unknown}
 e - 2 potions of enlightenment
 j - 4 potions of heal wounds {@q2}
 o - 5 potions of might
 r - 2 potions of cancellation
 s - a potion of berserk rage {unknown}
 u - a potion of brilliance {unknown}
 v - 5 potions of curing {@q1}
 G - 2 potions of resistance {unknown}
 M - a potion of mutation {unknown}
Miscellaneous
 Y - a box of beasts


   Skills:
 + Level 5.3 Fighting
 - Level 10.0 Short Blades
 - Level 6.0 Dodging
 - Level 10.0 Stealth
 - Level 8.0 Spellcasting
 - Level 3.0 Conjurations
 - Level 10.0 Hexes
 + Level 9.1 Necromancy
 - Level 4.0 Ice Magic


You had 11 spell levels left.
You knew the following spells:

 Your Spells              Type           Power      Damage    Failure   Level
a - Ensorcelled Hibernat  Hex/Ice        68%        N/A       1%          2
b - Confusing Touch       Hex            45%        N/A       1%          3
c - Tukima's Dance        Hex            45%        N/A       1%          3
d - Dazzling Flash        Conj/Hex       64%        N/A       1%          3
e - Animate Dead          Necr           42%        N/A       1%          4

Your spell library contained the following spells:

 Spells                   Type           Power      Damage    Failure   Level
 Kiss of Death            Conj/Necr      100%       2d13      1%          1
 Necrotise                Necr           100%       1d9       1%          1
 Sigil of Binding         Hex            45%        N/A       1%          3
 Vampiric Draining        Necr           42%        2d9       1%          3
 Anguish                  Hex/Necr       22%        N/A       1%          4
 Dispel Undead            Necr           42%        3d17      1%          4
 Cigotuvi's Dreadful Rot  Necr/Alch/Air  38%        N/A       4%          2
 Frozen Ramparts          Ice            44%        1d7       5%          3
 Ozocubu's Armour         Ice            22%        N/A       5%          3
 Dimensional Bullseye     Hex/Tloc       13%        N/A       12%         4
 Mercury Vapours          Alch/Air       14%        N/A       14%         2
 Martyr's Knell           Necr/Summ      25%        N/A       14%         4
 Metabolic Englaciation   Hex/Ice        17%        N/A       14%         5
 Mephitic Cloud           Conj/Alch/Air  11%        N/A       19%         3
 Call Canine Familiar     Summ           7%         N/A       26%         3
 Passwall                 Erth           7%         N/A       26%         3
 Swiftness                Air            7%         N/A       26%         3
 Borgnjor's Vile Clutch   Necr/Erth      12%        N/A       36%         5
 Ignite Poison            Fire/Alch      7%         N/A       65%         4
 Sticky Flame             Fire/Alch      7%         2d4       65%         4
 Freezing Cloud           Conj/Ice/Air   8%         6-21      69%         5
 Ignition                 Fire           3%         3d4       100%        8


Dungeon Overview and Level Annotations

Branches:
Dungeon (12/15)            Temple (1/1) D:5            Lair (0/5) D:8
    Orc (0/2) D:12        Ossuary (visited)          Bailey (visited)

Altars:
Ashenzari
Cheibriados
Dithmenos
Fedhas
Gozag
Hepliaklqana
Kikubaaqudgha
Makhleb
Nemelex Xobeh
Okawaru
Qazlal
Ru
Sif Muna
Trog
Uskayaw
Vehumet
Wu Jian
Xom
Yredelemnul
Lugonu

Shops:
D:11 *   D:12 *

Portals:
Abyss: D:3
Trove: D:10 (show abyssal rune of Zot)

Annotations:
D:3 2 runed translucent doors
D:5 3 runed translucent doors, exclusion: downstairs, Gorgor's ghost, novice MiBe; Konar's ghost, amateur CoHu; ParallaxScroll's ghost, novice GnWn; Tanttac's ghost, amateur SpEn; bmj180's ghost, novice HuCj


Innate Abilities, Weirdness & Mutations

Your natural rate of healing is accelerated.
You have razor-sharp teeth.
You have supernaturally acute eyesight. (SInv)
You are afflicted with vampirism and can become a bat while bloodless.


Message History

Casting: Tukima's Dance (safe; 1% risk of failure)
Confirm with . or Enter, or press ? or * to list all spells.
Your hands begin to glow red.
The water elemental hits you.
The water elemental engulfs you in water!
You hit the water elemental but do no damage.
The water elemental is completely immune to your confusing touch!
You bite the water elemental, but do no damage.
The water elemental is heavily damaged.
* * * LOW HITPOINT WARNING * * *
Your lungs strain for air!
Your hands stop glowing.
You puncture the water elemental!
The water elemental is severely damaged.
* * * LOW HITPOINT WARNING * * *
Your lungs strain for air!
The water elemental misses you.
You hit the water elemental.
The water elemental is almost destroyed.
* * * LOW HITPOINT WARNING * * *
Your lungs strain for air!
You hit the water elemental. Your bite misses the water elemental.
The water elemental is almost destroyed.
* * * LOW HITPOINT WARNING * * *
Your lungs strain for air!
The water elemental closely misses you.
You hit the water elemental.
The water elemental is almost destroyed.
* * * LOW HITPOINT WARNING * * *
Your lungs strain for air!
You completely miss the water elemental.
Your bite misses the water elemental.
The water elemental is almost destroyed.
* * * LOW HITPOINT WARNING * * *
Your lungs strain for air!
The water elemental hits you!
* * * LOW HITPOINT WARNING * * *
You barely miss the water elemental.
The water elemental is almost destroyed.
You die...
Kikubaaqudgha rasps: You have failed me!
Welcome... death!

.### ..... .. ......
..... ...... ......
...... ......#####......
#...........?...
#.......@.......
#.......E.......
##...~~≈≈~~~~~~~~
..##....~≈≈≈≈≈~≈≈≈≈≈
........~~≈≈≈≈≈≈≈≈≈≈≈≈ .
.......~~≈≈≈≈≈≈≈≈≈≈≈≈≈ ~
#.....≈~≈≈≈≈≈≈≈≈≈≈≈≈≈ ~
+......≈≈≈≈≈≈≈≈≈≈≈≈≈≈≈ ≈
####.....~~≈≈≈≈≈≈≈≈≈≈≈≈≈≈
≈≈≈≈≈


You could see a water elemental (corroded).

Vanquished Creatures
  Harold (D:11)
  2 two-headed ogres (D:9)
  An ugly thing (D:12)
  2 cyclopes (D:11)
  An elephant (D:8)
  A gargoyle (Bailey)
  Maggie (D:7)
  Jeremiah (D:7)
  A kobold demonologist (D:12)
  3 hornets
  Prince Ribbit (D:7)
  Sigmund (D:5)
  A vampire (Bailey)
  A shadow (D:11)
  A wyvern (D:9)
  An unseen horror simulacrum (D:9)
  4 yaks
  A basilisk (D:11)
  3 steam dragons
  Edmund (D:5)
  3 acid dragons
  5 ice beasts
  A sky beast (D:7)
  4 black bears
  3 ogres
  4 centaurs
  2 bullfrogs
  2 kobold brigands (D:12)
  5 elf zombies (Ossuary)
  A scorpion (D:4)
  A wight (D:8)
  2 electric eels (D:12)
  6 vampire bats (Bailey)
  4 howler monkeys
  9 wolf zombies (Bailey)
  A bombardier beetle (D:3)
  A jelly (D:5)
  2 human zombies (Ossuary)
  3 centaur zombies (Ossuary)
  4 hounds
  2 orc priests (D:9)
  A sleepcap (D:7)
  Terence (D:3)
  3 orc wizards
  A crocodile zombie (Ossuary)
  2 centaur simulacra (D:9)
  3 mummies (Ossuary)
  4 gnolls
  15 adders
  A shadow imp (D:8)
  5 white imps
  9 ufetubi
  A dart slug (D:4)
  4 ribbon worms
  11 orcs
  9 ball pythons
  6 bats
  9 endoplasms
  5 giant cockroaches
  10 hobgoblins
  3 jackals (D:2)
  5 quokkas
  3 frilled lizards
  5 goblins
  13 kobolds
  21 orc zombies (Bailey)
  5 rats
249 creatures vanquished.

Vanquished Creatures (collateral kills)
  A two-headed ogre (D:9)
  An acid dragon (D:10)
  An orc warrior (D:10)
  A kobold brigand (D:12)
  A gnoll sergeant (D:10)
  5 wights
  An orc wizard (D:9)
  4 gnolls
  4 orcs
  2 goblins (D:9)
  A hobgoblin (D:9)
  5 kobolds (D:12)
27 creatures vanquished.

Vanquished Creatures (others)
  3 dancing weapons
  A gnoll zombie (D:10)
  2 goblin zombies (D:9)
  A hobgoblin zombie (D:9)
  3 kobold zombies (D:12)
10 creatures vanquished.

Grand Total: 286 creatures vanquished

Notes
Turn   | Place    | Note
-------+----------+-------------------------------------------
     0 | D:1      | Autsider the Vampire Enchanter began the quest for the Orb.
     0 | D:1      | Reached XP level 1. HP: 13/13 MP: 3/3
   199 | D:1      | Reached XP level 2. HP: 2/19 MP: 5/5
   693 | D:1      | Found a faded altar of an unknown god.
   837 | D:1      | Reached skill level 1 in Ice Magic
   837 | D:1      | Gained mutation: You are afflicted with vampirism and can
                  | become a bat while bloodless. [Vampire growth]
   837 | D:1      | Reached XP level 3. HP: 25/25 MP: 6/6
   884 | D:1      | Learned a level 2 spell: Ensorcelled Hibernation
   888 | D:1      | Learned a level 3 spell: Confusing Touch
  1085 | D:2      | Reached skill level 1 in Fighting
  1093 | D:2      | Reached skill level 5 in Hexes
  1451 | D:2      | Reached skill level 5 in Stealth
  1454 | D:2      | Reached XP level 4. HP: 26/32 MP: 3/7
  2024 | D:3      | Found a large runed translucent door.
  2025 | D:3      | Found a large runed translucent door.
  2030 | D:3      | Found a corrupted altar of Lugonu.
  2289 | D:3      | Found a one-way gate to the infinite horrors of the Abyss.
  2486 | D:3      | Reached XP level 5. HP: 15/37 MP: 3/9
  2576 | D:3      | Noticed Terence
  2594 | D:3      | Found a bloodstained altar of Trog.
  2660 | D:3      | Found an ornate altar of the Wu Jian Council.
  2666 | D:3      | Killed Terence
  3156 | D:4      | Reached XP level 6. HP: 44/44 MP: 10/10
  3253 | D:4      | Found a radiant altar of Vehumet.
  3262 | D:4      | Found an ancient bone altar of Kikubaaqudgha.
  3262 | D:4      | Found a shimmering blue altar of Sif Muna.
  3403 | D:4      | Got Kikubaaqudgha's Writings on Gloom
  3436 | D:4      | Became a worshipper of Kikubaaqudgha
  3550 | D:4      | Learned a level 3 spell: Tukima's Dance
  3598 | D:4      | Noticed a hornet
  3612 | D:4      | Paralysed by a hornet for 1 turns
  3615 | D:4      | Killed a hornet
  3616 | D:4      | Reached skill level 1 in Necromancy
  3616 | D:4      | Reached XP level 7. HP: 31/51 MP: 9/12
  3799 | D:4      | Found a hide-covered altar of Uskayaw.
  4008 | D:5      | Entered Level 5 of the Dungeon
  4010 | D:5      | Found a staircase to the Ecumenical Temple.
  4066 | Temple   | Entered the Ecumenical Temple
  4155 | D:5      | Found a runed translucent gate.
  4155 | D:5      | Found a runed translucent gate.
  4155 | D:5      | Found a runed translucent gate.
  4155 | D:5      | Noticed Konar's ghost (amateur CoHu)
  4156 | D:5      | Noticed bmj180's ghost (novice HuCj)
  4156 | D:5      | Noticed Gorgor's ghost (novice MiBe)
  4156 | D:5      | Noticed Tanttac's ghost (amateur SpEn)
  4156 | D:5      | Noticed ParallaxScroll's ghost (novice GnWn)
  4309 | D:5      | Found a sand-covered staircase.
  4318 | Ossuary  | Entered an ossuary
  4323 | Ossuary  | Learned a level 3 spell: Dazzling Flash
  4448 | Ossuary  | Reached XP level 8. HP: 50/58 MP: 11/14
  4658 | Ossuary  | Reached * piety under Kikubaaqudgha
  4658 | Ossuary  | Received a gift from Kikubaaqudgha
  5126 | D:5      | Reached skill level 5 in Necromancy
  5190 | D:5      | Noticed Sigmund
  5200 | D:5      | Killed Sigmund
  5215 | D:5      | Noticed Edmund
  5220 | D:5      | Killed Edmund
  5703 | D:5      | Reached XP level 9. HP: 45/65 MP: 13/15
  6077 | D:6      | Found a faded altar of an unknown god.
  6077 | D:6      | Found an iron altar of Okawaru.
  6093 | D:6      | Found a broken altar of Ashenzari.
  6097 | D:6      | Found a faded altar of an unknown god.
  6399 | D:7      | Noticed Jeremiah
  6431 | D:7      | Killed Jeremiah
  6432 | D:7      | Reached skill level 1 in Conjurations
  6480 | D:7      | Noticed Maggie
  6539 | D:7      | Killed Maggie
  6584 | D:7      | Identified the +0 gold dragon scales "Ubot" {rPois rF+ rC+
                  | Int+5 Dex+2}
  6816 | D:7      | Reached skill level 5 in Dodging
  6817 | D:7      | Found a burning altar of Makhleb.
  6881 | D:7      | Noticed Prince Ribbit
  6887 | D:7      | Killed Prince Ribbit
  7173 | D:8      | Identified a scroll of acquirement
  7175 | D:8      | Acquired 1100 gold pieces
  7190 | D:8      | Reached ** piety under Kikubaaqudgha
  7231 | D:8      | Noticed an elephant
  7232 | D:8      | Found a staircase to the Lair.
  7251 | D:8      | Killed an elephant
  7252 | D:8      | Reached XP level 10. HP: 71/71 MP: 11/17
  7306 | D:8      | Found a shadowy altar of Dithmenos.
  7334 | D:8      | Reached skill level 5 in Spellcasting
  7403 | D:8      | Found a sparkling altar of Nemelex Xobeh.
  7476 | D:8      | Reached skill level 10 in Stealth
  7537 | D:8      | Reached skill level 5 in Short Blades
  7825 | D:9      | Reached skill level 10 in Hexes
  7939 | D:9      | Noticed a two-headed ogre
  7958 | D:9      | Killed a two-headed ogre
  8070 | D:9      | Learned a level 4 spell: Animate Dead
  8071 | D:9      | Found a flagged portal.
  8075 | D:9      | Reached *** piety under Kikubaaqudgha
  8075 | D:9      | Received a gift from Kikubaaqudgha
  8077 | D:9      | Noticed a two-headed ogre
  8089 | D:9      | Killed a two-headed ogre
  8194 | Bailey   | Entered a bailey
  8515 | Bailey   | Noticed a gargoyle
  8521 | Bailey   | Killed a gargoyle
  8522 | Bailey   | Reached XP level 11. HP: 77/77 MP: 21/21
  8690 | Bailey   | Identified the +2 helmet of Tomorrow {rC+ Str+2 Stlth+}
  8787 | Bailey   | Identified the +1 pair of gloves of Evolution {Will+}
  8788 | Bailey   | Identified the +2 helmet of Elibaril {Str+3 Dex+4}
  9030 | D:9      | Noticed a two-headed ogre
  9095 | D:9      | Killed a two-headed ogre
  9096 | D:9      | Reached skill level 10 in Short Blades
  9420 | D:9      | Reached **** piety under Kikubaaqudgha
  9581 | D:10     | Entered Level 10 of the Dungeon
  9902 | D:10     | Found a blossoming altar of Fedhas.
 10012 | D:10     | Found a portal to a secret trove of treasure.
 10278 | D:11     | Noticed Harold
 10288 | D:11     | Killed Harold
 10740 | D:11     | Found Imaucw's General Store.
 11356 | D:12     | Noticed a sun demon
 11360 | D:12     | Reached skill level 5 in Fighting
 11419 | D:12     | Found a staircase to the Orcish Mines.
 11434 | D:12     | Noticed a purple ugly thing
 11441 | D:12     | Killed a purple ugly thing
 11448 | D:12     | Found Kebrisua's Assorted Antiques.
 11458 | D:12     | Bought a scroll of identify for 56 gold pieces
 11458 | D:12     | Bought a scroll of identify for 56 gold pieces
 11490 | D:12     | HP: 4/80 [water elemental (11)]
 11499 | D:12     | HP: 2/80 [water elemental (11)]
 11500 | D:12     | Sank and fell apart

Illustrated notes

Levels and vault maps discovered:
D:1:      eino_arrival_tree_alley, layout_basic, shapermc_ecumenical_altar_petra
D:2:      layout_basic, grunt_decor_one_mirror, chequers_hall_statues_corner_a
D:3:      due_chaos_kobolds, layout_basic,
          mainiacjoe_overflow_concentric_impassable,
          nicolae_wu_jian_wuxing_cycle, kennysheep_nondescript,
          minmay_misc_feat_enclosed, minmay_misc_feat_room, uniq_terence
D:4:      layout_basic, grunt_temple_overflow_magic_moments,
          mainiacjoe_overflow_24_doors
D:5:      layout_gridville, mainiacjoe_overflow_six_doors_small,
          minmay_temple_entry_large_hall, mainiacjoe_ossuary_entry_dusty_tomb,
          gammafunk_ghost_cemetery, sigmund_edmund_badplayer
D:6:      layout_rooms, chequers_temple_overflow_minitemple
D:7:      layout_basic, marbit_many_paths, uniq_jeremiah, uniq_maggie,
          uniq_prince_ribbit1
D:8:      layout_rooms, mainiacjoe_overflow_alcove_2,
          nemelex_spade_bored_becter, david_lair_generic, minmay_manual_mares
D:9:      layout_roguey, serial_ice, serial_ice_o, serial_ice_m, serial_ice_c,
          serial_ice_a, enter_bailey_4, grunt_ministairs_10
D:10:     layout_rooms, fedhas_altar_4, nicolae_trove_entry_columns,
          serial_park_tiny_pond
D:11:     layout_layer_cave, serial_shops, kennysheep_little_box,
          lightli_minifort, uniq_harold
D:12:     layout_basic, orc_0_dummy, serial_shops, shop
Temple:   pf_temple_reverse_labyrinth

Skill      XL: |  1  2  3  4  5  6  7  8  9 10 11 |
---------------+----------------------------------+-----
Ice Magic      | 1 2 4 |  4.0
Fighting       | 1 2 3 4 5 |  5.3
Hexes          | 5 6 7 8 9 10 | 10.0
Short Blades   | 2 3 9 10 | 10.0
Stealth        | 5 6 7 8 9 10 | 10.0
Spellcasting   | 3 4 6 8 |  8.0
Necromancy     | 1 2 7 8 9 |  9.1
Dodging        | 3 4 5 6 |  6.0
Conjurations   | 2 3 |  3.0

Action                     |  1- 3 |  4- 6 |  7- 9 | 10-12 || total
---------------------------+-------+-------+-------+-------++-------
  Melee: Dagger            |   166 |    83 |       |       ||   249
         Bite              |     8 |     9 |    59 |    52 ||   128
         Short sword       |       |    42 |   337 |   408 ||   787
   Cast: Ensorcelled Hiber |     9 |    15 |    21 |    22 ||    67
         Confusing Touch   |     1 |     9 |    34 |    17 ||    61
         Tukima's Dance    |       |       |     5 |    39 ||    44
         Animate Dead      |       |       |       |     5 ||     5
         Dazzling Flash    |       |       |       |     1 ||     1
  Evoke: Wand              |       |       |       |     1 ||     1
    Use: Potion            |     1 |       |       |     2 ||     3
         Scroll            |       |     4 |     8 |     9 ||    21
   Stab: Sleeping          |    20 |    18 |    28 |    35 ||   101
         Confused          |     1 |     2 |    34 |     8 ||    45
         Distracted        |       |       |     1 |     1 ||     2
 Armour: Robe              |    95 |    69 |   117 |       ||   281
         Steam dragon scal |       |       |    83 |   212 ||   295
  Dodge: Dodged            |   104 |    65 |   283 |   329 ||   781

Table legend: (Time is in decaauts)
 A = Elapsed time spent in this place.
 B = Non-inter-level travel time spent in this place.
 C = Inter-level travel time spent in this place.
 D = Time resting spent in this place.
 E = Time spent auto-exploring this place.
 F = Levels seen in this place.
 G = Mean time per level.
                   A        B        C        D        E       F      G
               +--------+--------+--------+--------+--------+-----+--------+
         Total |  11262 |  10729 |    533 |   1571 |   5973 |  15 |  750.8 |
       Dungeon |  10015 |   9482 |    533 |   1157 |   5857 |  12 |  834.6 |
        Temple |      1 |      1 |      0 |      0 |      0 |   1 |    1.0 |
       Ossuary |    652 |    652 |      0 |    278 |      0 |   1 |  652.0 |
        Bailey |    592 |    592 |      0 |    136 |    116 |   1 |  592.0 |
               +--------+--------+--------+--------+--------+-----+--------+

Top non-repeatable levels by time:
     D:9: 1193 daAuts
    D:11: 1112 daAuts
     D:5: 1101 daAuts
     D:3: 1067 daAuts
     D:2: 1056 daAuts
     D:4: 965 daAuts
     D:7: 907 daAuts
     D:1: 890 daAuts
 Ossuary: 652 daAuts
    D:10: 606 daAuts
  Bailey: 592 daAuts
     D:8: 494 daAuts
     D:6: 465 daAuts
    D:12: 154 daAuts
  Temple: 1 daAuts
